 Dungeon Crawl Stone Soup version 0.30-a0-737-gf23d94013f (webtiles) character file.

Game seed: 989183675573005380

663 jimonade the Covert (level 7, -3/35 HPs)
             Began as a Vine Stalker Brigand on Feb 1, 2023.
             Killed by divine providence
             ... invoked by an orc priest
              (12 damage)
             ... on level 5 of the Dungeon.
             The game lasted 00:07:58 (3933 turns).

jimonade the Covert (Vine Stalker Brigand)          Turns: 3933, Time: 00:07:59

Health: -3/35      AC:  6    Str: 13    XL:     7   Next: 56%
Magic:  0/17       EV: 12    Int: 11    God:
Gold:   262        SH:  0    Dex: 18    Spells: 6/6 levels left

rFire   . . .      SeeInvis .    b - +1 dagger (drain)
rCold   + . .      Faith    .    (no shield)
rNeg    . . .      Spirit   +    o - +0 leather armour
rPois   .          Reflect  .    k - +1 helmet
rElec   .          Harm     .    c - +0 cloak
rCorr   .          Rampage  .    (no gloves)
Will    .....                    (no boots)
Stlth   ++++                     (no amulet)
HPRegen 1.05/turn                A - ring of protection from cold
MPRegen 0.15/turn                F - ring of magical power

@: no status effects
A: fangs 2, regeneration 1, magic shield, antimagic bite, no potion heal 2
a: no special abilities


You were on level 5 of the Dungeon.
You visited 1 branch of the dungeon, and saw 5 of its levels.

You collected 262 gold pieces.

Inventory:

Hand Weapons
 a - a +2 dagger
 b - a +1 dagger of draining (weapon)
 x - a +0 rapier
 N - a +6 club
Missiles
 d - 14 poisoned darts (quivered)
 e - 3 curare-tipped darts
 H - 4 boomerangs
Armour
 c - a +0 cloak (worn)
 i - a +0 ring mail
 k - a +1 helmet (worn)
 m - a +0 robe
 o - a +0 leather armour (worn)
Magical Staves
 K - a staff of earth
Jewellery
 A - a ring of protection from cold (left hand)
 B - a ring of fire
 F - a ring of magical power (right hand)
Wands
 J - a wand of charming (3)
Scrolls
 g - 3 scrolls of poison {unknown}
 j - a scroll of magic mapping {unknown}
 q - a scroll of butterflies {unknown}
 s - 3 scrolls of immolation {unknown}
 t - 2 scrolls of enchant armour {unknown}
 v - 2 scrolls of torment {unknown}
 w - a scroll of noise {unknown}
 y - a scroll of brand weapon {unknown}
 C - 2 scrolls of teleportation {unknown}
 D - a scroll of blinking {unknown}
 G - a scroll of enchant weapon {unknown}
 L - a scroll of vulnerability {unknown}
 M - a scroll of identify {unknown}
Potions
 f - a potion of invisibility {unknown}
 h - a potion of might
 l - a potion of attraction {unknown}
 n - a potion of flight {unknown}
 p - a potion of berserk rage {unknown}
 r - a potion of curing {unknown}
 u - a potion of lignification {unknown}
 z - 2 potions of heal wounds {unknown}
 E - a potion of mutation {unknown}
 I - a potion of ambrosia {unknown}


   Skills:
 + Level 2.5 Fighting
 * Level 5.2 Short Blades
 + Level 1.7 Throwing
 + Level 1.9 Dodging
 + Level 8.0 Stealth


You had 6 spell levels left.
You didn't know any spells.
Your spell library contained the following spells:

 Spells                   Type           Power      Damage    Failure   Level
 Shock                    Conj/Air       0%         1d3       41%         1
 Swiftness                Air            0%         N/A       80%         3
 Airstrike                Air            0%         2d(0-16)  99%         4


Dungeon Overview and Level Annotations

Branches:
Dungeon (5/15)
 Temple: D:4-7

Altars:

Shops:
D:1 !

Annotations:
D:5 Dowan, Duvessa, Grinder


Innate Abilities, Weirdness & Mutations

You have extremely sharp teeth.
Your natural rate of healing is unusually fast.
When hurt, damage is shared between your health and your magic reserves.
Your bite disrupts and absorbs the magic of your enemies.
Potions cannot restore your health.


Message History

You hit the orc priest but do no damage.
The orc priest is heavily wounded.
The orc priest completely misses you. Duvessa closely misses you.
You hit the orc priest.
The orc priest is heavily wounded.
The orc priest completely misses you. Duvessa hits you with a +0 short sword.
You hit the orc priest but do no damage.
You bite the orc priest, but do no damage.
The orc priest is heavily wounded.
The orc priest hits you with a +0 hand axe.
Duvessa barely misses you.
You hit the orc priest but do no damage.
The orc priest is heavily wounded.
You closely miss the orc priest.
The orc priest is heavily wounded.
The orc priest casts a cantrip, but nothing happens.
Dowan casts a spell.
Dowan blinks!
Duvessa hits you with a +0 short sword.
You hit the orc priest.
You bite the orc priest, but do no damage.
The orc priest is heavily wounded.
The orc priest hits you with a +0 hand axe.
Dowan casts a spell.
Dowan blinks!
Duvessa misses you.
You hit Duvessa but do no damage. You bite Duvessa, but do no damage.
Duvessa is lightly wounded.
The orc priest closely misses you. Duvessa completely misses you.
You hit Duvessa but do no damage. You bite Duvessa, but do no damage.
Duvessa is lightly wounded.
The orc priest invokes the aid of Beogh against you.
Beogh smites you!
* * * LOW HITPOINT WARNING * * *
You sense an unholy aura.
b - a +1 dagger of draining (weapon)
Duvessa hits you but does no damage.
You hit Duvessa but do no damage. You drain Duvessa. Your bite misses Duvessa.
Duvessa is moderately wounded.
The orc priest invokes the aid of Beogh against you.
Beogh smites you!
You die...

#.#!#.#O#
$.......
#.#o#>#.##
......[..#
#.#.# #..##
#+# ##.### #.#
#...## #.#
###o.#### #@#
##..[.###e#
####o.§oo#####
####.>....#
######.# #.###
##.#.#
######....#
#.....(.#.#


You could see Duvessa (drained), an orc priest and an orc.

Vanquished Creatures
  Sigmund (D:3)
  2 scorpions
  A howler monkey (D:4)
  2 hounds (D:4)
  A jelly (D:5)
  3 orc priests
  Ijyb (D:5)
  An iguana (D:4)
  An orc wizard (D:5)
  2 adders
  A worm (D:3)
  3 dart slugs (D:2)
  8 orcs
  9 ball pythons
  7 bats
  5 endoplasms
  4 giant cockroaches
  5 goblins
  5 hobgoblins
  3 quokkas
  2 frilled lizards (D:3)
  4 kobolds
  3 rats
74 creatures vanquished.

Notes
Turn   | Place    | Note
-------+----------+-------------------------------------------
     0 | D:1      | jimonade the Vine Stalker Brigand began the quest for the
                  | Orb.
     0 | D:1      | Reached XP level 1. HP: 11/11 MP: 2/2
    96 | D:1      | Reached skill level 5 in Stealth
   191 | D:1      | Reached XP level 2. HP: 14/15 MP: 3/3
   216 | D:1      | Found Efuufoab's Distillery.
   389 | D:1      | Found a faded altar of an unknown god.
   850 | D:2      | Reached XP level 3. HP: 18/18 MP: 4/4
  1783 | D:3      | Reached skill level 6 in Stealth
  1879 | D:3      | Gained mutation: Your natural rate of healing is unusually
                  | fast. [Vine Stalker growth]
  1879 | D:3      | Reached XP level 4. HP: 23/23 MP: 5/5
  1905 | D:3      | Noticed Sigmund
  1957 | D:3      | Killed Sigmund
  1958 | D:3      | Reached skill level 1 in Dodging
  1958 | D:3      | Reached XP level 5. HP: 26/26 MP: 6/6
  2241 | D:3      | Reached XP level 6. HP: 12/30 MP: 7/7
  2247 | D:3      | Reached skill level 7 in Stealth
  3035 | D:4      | Reached XP level 7. HP: 35/35 MP: 8/8
  3424 | D:5      | Entered Level 5 of the Dungeon
  3448 | D:5      | Reached skill level 5 in Short Blades
  3543 | D:5      | Noticed Grinder
  3710 | D:5      | Reached skill level 8 in Stealth
  3796 | D:5      | Noticed Ijyb
  3799 | D:5      | Noticed Dowan
  3840 | D:5      | Killed Ijyb
  3897 | D:5      | Noticed Duvessa
  3933 | D:5      | Killed from afar by an orc priest

Illustrated notes

Levels and vault maps discovered:
D:1:      nagdon_arrival_double_spiral, layout_loops_ring,
          ebering_ecumenical_altar_mist, serial_shops, nicolae_shop_waterfront
D:2:      layout_loops_corners, minmay_tromino_v2
D:3:      layout_basic, uniq_sigmund
D:4:      layout_loops_corners
D:5:      layout_basic, st_stairs_9, uniq_duvessa, uniq_crazy_yiuf_cottage,
          uniq_ijyb, uniq_grinder, uniq_eustachio

Skill      XL: |  1  2  3  4  5  6  7 |
---------------+----------------------+-----
Stealth        | 5 6 7 8 |  8.0
Short Blades   | 2 3 4 5 |  5.2
Fighting       | 2 |  2.5
Dodging        | 1 |  1.9
Throwing       | |  1.7

Action                     |  1- 3 |  4- 6 |  7- 9 || total
---------------------------+-------+-------+-------++-------
  Melee: Dagger            |    87 |    80 |    69 ||   236
         Bite              |    23 |    28 |    21 ||    72
         Punch             |       |     1 |       ||     1
   Stab: Sleeping          |    14 |    10 |     5 ||    29
 Armour: Robe              |    17 |    11 |       ||    28
         Leather armour    |       |       |    13 ||    13
  Dodge: Dodged            |    37 |    31 |    18 ||    86

Table legend: (Time is in decaauts)
 A = Elapsed time spent in this place.
 B = Non-inter-level travel time spent in this place.
 C = Inter-level travel time spent in this place.
 D = Time resting spent in this place.
 E = Time spent auto-exploring this place.
 F = Levels seen in this place.
 G = Mean time per level.
                   A        B        C        D        E       F      G
               +--------+--------+--------+--------+--------+-----+--------+
         Total |   3890 |   3673 |    217 |      0 |   2792 |   5 |  778.0 |
       Dungeon |   3890 |   3673 |    217 |      0 |   2792 |   5 |  778.0 |
               +--------+--------+--------+--------+--------+-----+--------+

Top non-repeatable levels by time:
     D:4: 1018 daAuts
     D:3: 888 daAuts
     D:2: 847 daAuts
     D:1: 696 daAuts
     D:5: 438 daAuts
